 Dungeon Crawl Stone Soup version 0.17-a0-1763-g847a857 (webtiles) character file.

2079 Stormsson the Ruffian (level 9, -2/79 HPs)
             Began as a Minotaur Monk on Sept 5, 2015.
             Was an Elder of Okawaru.
             Slain by an unseen horror (8 damage)
             ... on level 8 of the Dungeon.
             The game lasted 01:07:39 (7774 turns).

Stormsson the Ruffian (Minotaur Monk)               Turns: 7774, Time: 01:07:39

Health: -2/79      AC:  3    Str: 18    XL:     9   Next: 6%
Magic:  9/9        EV: 16    Int:  7    God:    Okawaru [****..]
Gold:   108        SH:  0    Dex: 14    Spells: 0 memorised, 8 levels left

rFire  . . .     SeeInvis .       - Unarmed
rCold  . . .     Clarity  .     e - +0 leather armour
rNeg   . . .     SustAt   +     (no shield)
rPois  .         Gourm    .     (helmet restricted)
rElec  .         Spirit   .     (no cloak)
rCorr  .         Warding  .     (no gloves)
rMut   .         Stasis   .     (no boots)
MR     .....                    b - amulet of rage
Stlth  ++........               (no ring)
                                a - ring of sustain attributes

@: not resistant to hostile enchantments, unstealthy
A: retaliatory headbutt, horns 2
a: Heroism, Renounce Religion, Evoke Berserk Rage


You were on level 8 of the Dungeon.
You worshipped Okawaru.
Okawaru was greatly pleased with you.
You were not hungry.

You visited 2 branches of the dungeon, and saw 9 of its levels.

You collected 357 gold pieces.
You spent 249 gold pieces at shops.

Inventory:

Hand weapons
 i - a +1 battleaxe
 u - a +2 halberd
Missiles
 m - 11 poisoned needles (quivered)
 A - 6 tomahawks
Armour
 e - a +0 leather armour (worn)
 g - a +0 robe
 j - a +0 ring mail
 t - a +0 robe
 v - a +0 robe
 w - a +0 robe
 z - a +0 leather armour
Jewellery
 a - a ring of sustain attributes (left hand)
 b - an amulet of rage (around neck)
 o - an uncursed ring of fire
Magical devices
 p - a wand of magic darts (25)
 q - a wand of disintegration (0)
 y - a wand of heal wounds (0)
Scrolls
 c - 2 scrolls of remove curse
 d - 2 scrolls of teleportation
 l - a scroll of fog {unknown}
 n - 2 scrolls of random uselessness {unknown}
Potions
 h - a potion of brilliance {unknown}
 s - a potion of cure mutation {unknown}
Comestibles
 f - 2 meat rations
 k - 2 slices of pizza


   Skills:
 + Level 7.2 Fighting
 + Level 5.7 Armour
 + Level 7.3 Dodging
 + Level 3.8 Stealth
 + Level 7.6 Unarmed Combat
 + Level 1.0 Invocations
 + Level 1.5 Evocations


You had 8 spell levels left.
You didn't know any spells.

Dungeon Overview and Level Annotations

Branches:
Dungeon (9/15)             Temple (1/1) D:4
   Lair: D:8-11         Orc: D:9-12

Altars:
Ashenzari
Cheibriados
Gozag
Kikubaaqudgha
Makhleb
Nemelex Xobeh
Okawaru
Sif Muna
Vehumet
Yredelemnul
Zin
The Shining One

Shops:
D:6 [=?


Innate Abilities, Weirdness & Mutations

You reflexively headbutt those who attack you in melee.
You have a pair of horns on your head.


Message History

Deactivating autopickup; reactivate with Ctrl-A.
You see here a poisoned needle.
Something hits you. Something completely misses you.
Something barely misses you. Something hits you. Something hits you.
Something hits you but does no damage. Something hits you!
You hit something. Your headbutt misses something. Something hits you!
Something hits you! x2
* * * LOW HITPOINT WARNING * * *
Evoke which item? (* to show all) (? for menu, Esc to quit)
Zapping:
y - a wand of heal wounds {zapped: 3} (will waste charges)
Press: ? - help, Shift-Dir - straight line, f - you Nothing appears to happen.
Something hits you.
* * * LOW HITPOINT WARNING * * *
Something hits you but does no damage. Something hits you!
* * * LOW HITPOINT WARNING * * *
Something hits you!
You die...

####### ..
##.(...#
....#......#
............#
......##.####
...... #.#
...#####.# #.
##.@.# #
#..### #.##
###)# ##..)#
#....##
##.....#
#......#
#.#....#


There were no monsters in sight!

Vanquished Creatures
  A two-headed ogre (D:8)
  Eustachio (D:6)
  3 orc warriors
  A sky beast (D:5)
  An ice beast (D:5)
  A necrophage (D:8)
  An ogre (D:6)
  Blork the orc (D:6)
  A giant frog (D:8)
  2 scorpions
  3 wights (D:6)
  2 crimson imps
  2 jellies
  An orc priest (D:5)
  A hound (D:5)
  2 giant frog skeletons
  An orc wizard (D:5)
  2 iguanas
  7 worker ants
  A gnoll (D:1)
  A worker ant zombie (D:6)
  10 adders
  A shadow imp (D:6)
  An ooze (D:1)
  4 worms
  3 giant geckos
  13 orcs
  5 giant cockroaches
  4 hobgoblins
  7 jackals
  2 quokkas
  2 ball pythons
  6 bats
  3 giant newts
  14 goblins
  8 kobolds
  12 rats
131 creatures vanquished.

Notes
Turn   | Place    | Note
--------------------------------------------------------------
     0 | D:1      | Stormsson the Minotaur Monk began the quest for the Orb.
     0 | D:1      | Reached XP level 1. HP: 19/19 MP: 0/0
    99 | D:1      | Reached XP level 2. HP: 22/27 MP: 1/1
   581 | D:1      | Reached skill level 5 in Unarmed Combat
   581 | D:1      | Reached XP level 3. HP: 8/33 MP: 2/2
  1580 | D:2      | Reached XP level 4. HP: 38/40 MP: 3/3
  1643 | D:2      | Found a faded altar to an unknown god.
  1648 | D:2      | You fall through a shaft!
  2505 | D:3      | Reached skill level 1 in Armour
  2776 | D:4      | Found a staircase to the Ecumenical Temple.
  2849 | D:4      | Reached XP level 5. HP: 40/47 MP: 4/4
  3655 | Temple   | Entered the Ecumenical Temple
  3667 | Temple   | Became a worshipper of Warmaster Okawaru
  3667 | Temple   | Acquired Okawaru's first power
  3727 | D:5      | Entered Level 5 of the Dungeon
  3913 | D:5      | Noticed an ice beast
  3923 | D:5      | Killed an ice beast
  3923 | D:5      | Reached XP level 6. HP: 40/55 MP: 5/5
  4529 | D:5      | Reached skill level 5 in Fighting
  4542 | D:5      | Reached skill level 5 in Dodging
  4675 | D:5      | HP: 2/56 [something (6)]
  4764 | D:5      | Reached XP level 7. HP: 9/61 MP: 6/6
  5347 | D:6      | Reached skill level 6 in Unarmed Combat
  5591 | D:6      | Found Qiheopp's Jewellery Shop.
  5594 | D:6      | Found Gity's Magic Scroll Shop.
  5603 | D:6      | Bought an uncursed ring of sustain attributes for 227 gold pieces
  5623 | D:6      | Bought a scroll of identify for 22 gold pieces
  5816 | D:6      | Reached skill level 1 in Evocations
  5852 | D:6      | Noticed Eustachio
  5861 | D:6      | Noticed Blork the orc
  5868 | D:6      | Killed Eustachio
  5868 | D:6      | Reached skill level 5 in Armour
  5868 | D:6      | Reached XP level 8. HP: 68/70 MP: 7/7
  5876 | D:6      | HP: 3/70 [Blork the orc/hand axe of draining (8)]
  5876 | D:6      | HP: 1/70 [Blork the orc/hand axe of draining (2)]
  6374 | D:6      | Found Kedyiz's Armour Emporium.
  6459 | D:6      | Found an opulent altar of Gozag.
  6460 | D:6      | Found a glowing silver altar of Zin.
  6625 | D:6      | Killed Blork the orc
  6810 | D:6      | You fall through a shaft for 3 floors!
  6901 | D:8      | Reached skill level 7 in Unarmed Combat
  7044 | D:8      | Noticed a two-headed ogre
  7051 | D:8      | Killed a two-headed ogre
  7051 | D:8      | Reached skill level 1 in Invocations
  7101 | D:8      | Reached XP level 9. HP: 30/79 MP: 9/9
  7774 | D:8      | Slain by an unseen horror

Vault maps used:
D:1:      dpeg_arrival_tiny_j
D:2:      ecumenical_altar_1, serial_glass, glass_columns_a, glass_columns_a,
          glass_columns_a, glass_columns_c, glass_columns_c, glass_columns_a,
          glass_columns_c, glass_columns_c
D:4:      minmay_temple_entry_butterflies, first_bread,
          kennysheep_generic_room_5
D:6:      grunt_temple_overflow_gold_and_silver, grunt_temple_overflow_diamond,
          serial_shops, nicolae_shop_temple_entry_statues_fountains, shop, shop,
          sword_in_stone
D:8:      lemuel_round_altar, blue_anna_alchemist
Temple:   water_room_temple_b_12

Action                   |  1- 3 |  4- 6 |  7- 9 || total
-------------------------+-------+-------+-------++-------
Melee: Unarmed           |    83 |   159 |   157 ||   399
Invok: Heroism           |       |       |     3 ||     3
 Abil: Evoke Berserk Rag |       |       |     2 ||     2
Evoke: Wand              |       |     3 |     2 ||     5
  Use: Scroll            |     4 |     4 |     2 ||    10
       Potion            |     3 |     3 |     3 ||     9
 Stab: Sleeping          |     3 |     3 |     1 ||     7
  Eat: Fruit             |     2 |       |     5 ||     7
       Bread ration      |       |     2 |     2 ||     4
       Royal jelly       |       |     1 |       ||     1
       Beef jerky        |       |       |     1 ||     1
